AoeStats
← 一剑扫秋风nelson

African Clearing

504174194Analyzed
4v4 RM · 28d ago on Sep 4, 2026· 57m 8s· 8 players
Game mode
Random Map
Map size
Large (8 player)
Population
200
Speed
Normal
Resources
Standard
Victory
Conquest
Starting age
Dark Age
Ending age
Imperial Age
RankedLock teamsTeams togetherTeam positionsShared explorationLock speedFull tech treeHidden civsTurbo modeCheats
Victory
Defeat
🇳🇱 Magyars · Netherlands
1860
+16
1773
+20
🇻🇳 Italians · Vietnam
1687
+24
🇲🇽 Goths · Mexico
1683
+24
🇻🇳 Ethiopians · Vietnam
1960
-25
🇺🇸 Hindustanis · United States
1925
-23
🇻🇳 Cumans · Vietnam
1820
-19
🇻🇳 Inca · Vietnam
1762
-17
eL| Barry_Allen
4:30 Loom
12:11 Feudal Age
12:23 Man-at-Arms
13:07 Double-Bit Axe
24:43 Castle Age
23:18 Fletching
26:01 Bodkin Arrow
31:54 Scale Mail Armor
31:56 Squires
33:07 Forging
40:44 Chain Mail Armor
41:16 Wheelbarrow
40:54 Pikeman
42:29 Town Watch
49:19 Bow Saw
55:25 Horse Collar
一剑扫秋风nelson
7:53 Loom
29:43 Feudal Age
32:23 Double-Bit Axe
35:02 Town Watch
37:16 Wheelbarrow
37:15 Fletching
38:29 Horse Collar
44:28 Castle Age
42:38 Gold Mining
45:34 Bow Saw
45:26 Heavy Plow
46:02 Bodkin Arrow
46:18 Elite Skirmisher
50:04 Ballistics
53:00 Padded Archer Armor
PraYs
13:18 Feudal Age
16:54 Castle Age
15:25 Double-Bit Axe
15:51 Horse Collar
17:50 Bow Saw
18:33 Town Watch
19:36 Loom
26:06 Gold Mining
28:16 Wheelbarrow
28:02 Stone Mining
29:19 Bloodlines
29:29 Fletching
29:42 Husbandry
30:13 Scale Barding Armor
34:20 Scale Barding Armor
34:53 Gold Shaft Mining
35:19 Hand Cart
35:43 Gold Shaft Mining
37:21 Chain Barding Armor
40:58 Imperial Age
38:47 Bodkin Arrow
38:53 Padded Archer Armor
41:00 Thumb Ring
41:56 Ballistics
42:17 Plate Barding Armor
41:03 Cavalier
42:07 Conscription
41:49 Bracer
41:11 Heavy Cavalry Archer
42:17 Parthian Tactics
43:34 Chemistry
42:51 Leather Archer Armor
44:56 Recurve Bow
46:00 Ring Archer Armor
46:05 Murder Holes
48:00 Two-Man Saw
48:30 Heavy Plow
49:51 Hoardings
50:53 Masonry
50:25 Treadmill Crane
50:52 Siege Engineers
50:52 Corvinian Army
50:13 Elite Magyar Huszar
50:49 Light Cavalry
56:29 Coinage
55:59 Caravan
Hoanginator
12:26 Feudal Age
12:52 Loom
16:44 Castle Age
14:33 Double-Bit Axe
18:07 Bow Saw
18:38 Fletching
26:20 Gold Mining
27:06 Wheelbarrow
30:36 Bodkin Arrow
34:55 Imperial Age
34:26 Ballistics
34:21 Stone Mining
34:14 Horse Collar
36:36 Chemistry
35:39 Bracer
36:38 Hand Cart
36:28 Padded Archer Armor
36:08 Onager
41:28 Masonry
42:04 Leather Archer Armor
41:13 Elite Genoese Crossbowman
43:17 Ring Archer Armor
57:59 Two-Man Saw
57:00 Heavy Plow
57:37 Stone Shaft Mining
ĐLucky
7:07 Loom
13:23 Feudal Age
17:20 Castle Age
16:11 Double-Bit Axe
16:27 Fletching
17:31 Crossbowman
18:11 Bodkin Arrow
22:41 Wheelbarrow
24:01 Horse Collar
25:08 Ballistics
25:43 Padded Archer Armor
27:51 Bow Saw
34:55 Imperial Age
33:50 Heavy Plow
33:45 Gold Mining
35:23 Arbalester
36:03 Bracer
36:46 Capped Ram
39:31 Conscription
42:35 Chemistry
43:09 Siege Engineers
VIPN@U
5:49 Loom
12:26 Feudal Age
26:59 Town Watch
32:07 Castle Age
31:58 Wheelbarrow
31:55 Double-Bit Axe
31:51 Horse Collar
37:23 Imperial Age
35:24 Fletching
37:08 Bodkin Arrow
39:03 Padded Archer Armor
42:35 Chemistry
44:39 Conscription
51:53 Bow Saw
NaiLiu
8:22 Loom
11:02 Feudal Age
11:43 Double-Bit Axe
16:10 Fletching
24:57 Horse Collar
28:44 Castle Age
26:52 Gold Mining
27:38 Town Watch
29:38 Bow Saw
29:24 Bodkin Arrow
31:01 Gold Shaft Mining
30:27 Heavy Plow
31:03 Wheelbarrow
30:45 Crossbowman
32:55 Hand Cart
36:24 Stone Mining
39:10 Imperial Age
37:29 Scale Barding Armor
37:51 Forging
38:31 Bloodlines
38:24 Husbandry
38:48 Chain Barding Armor
39:39 Iron Casting
39:17 Heavy Camel Rider
40:42 Plate Barding Armor
40:43 Conscription
41:23 Imperial Camel Rider
44:04 Scale Mail Armor
44:42 Iron Casting
47:50 Chemistry
48:45 Blast Furnace
47:46 Padded Archer Armor
48:30 Shatagni
49:26 Coinage
55:11 Scale Mail Armor
55:50 Leather Archer Armor
VNS_Alibaba_
10:32 Loom
12:42 Feudal Age
16:59 Castle Age
14:57 Double-Bit Axe
15:45 Fletching
17:11 Crossbowman
18:23 Bodkin Arrow
23:20 Champi Runner
24:29 Scale Mail Armor
24:09 Champi Warrior
25:59 Chain Mail Armor
27:16 Squires
28:48 Forging
31:57 Pikeman
36:05 Iron Casting
42:38 Wheelbarrow
46:47 Town Watch
46:48 Horse Collar
47:52 Bow Saw
53:04 Imperial Age
Connection lost

Rejoining the realm…

Still unreachable

The connection could not be restored.

Session expired

The server has moved on; the page needs a fresh start.